 Dungeon Crawl Stone Soup version 0.25.1-2-g60ff931df9 (webtiles) character file.

Game seed: 9684113884527112836

73 Exodus22XD the Poker (level 4, 33/33 HPs)
             Began as a Demonspawn Gladiator on Nov 7, 2020.
             Quit the game on level 2 of the Dungeon.
             The game lasted 00:01:18 (1697 turns).

Exodus22XD the Poker (Demonspawn Gladiator)         Turns: 1697, Time: 00:01:18

Health: 33/33      AC:  5    Str: 15    XL:     4   Next: 8%
Magic:  4/4        EV: 12    Int:  9    God:
Gold:   68         SH:  0    Dex: 15    Spells: 3/3 levels left

rFire    . . .     SeeInvis .   a - +0 trident
rCold    . . .     Gourm    .   (no shield)
rNeg     . . .     Faith    .   s - +0 ring mail
rPois    .         Spirit   .   (helmet restricted)
rElec    .         Reflect  .   (no cloak)
rCorr    .         Harm     .   (no gloves)
MR       .....                  (no boots)
Stlth    +.........             (no amulet)
HPRegen  0.11/turn              (no ring)
MPRegen  0.09/turn              (no ring)

@: no status effects
A: antennae 1, claws 1, rot immunity
a: no special abilities


You were on level 2 of the Dungeon.
You were not hungry.

You visited 1 branch of the dungeon, and saw 2 of its levels.

You collected 68 gold pieces.

Inventory:

Hand Weapons
 a - a +0 trident (weapon)
Missiles
 d - 3 throwing nets (quivered)
Armour
 s - a +0 ring mail (worn)
Scrolls
 c - a scroll of teleportation {unknown}
 e - 2 scrolls of enchant armour {unknown}
 h - 2 scrolls of identify {unknown}
 i - a scroll of fear {unknown}
 k - 2 scrolls of remove curse {unknown}
 l - a scroll of fog {unknown}
 n - a scroll of enchant weapon {unknown}
 o - a scroll of blinking {unknown}
 p - a scroll of noise {unknown}
 r - a scroll of random uselessness {unknown}
Potions
 j - a potion of stabbing {unknown}
 m - a potion of flight {unknown}
 q - a potion of lignification {unknown}
Comestibles
 b - a chunk of flesh
 f - 5 rations


   Skills:
 + Level 2.2 Fighting
 + Level 4.0 Polearms
 + Level 1.9 Throwing
 + Level 0.5 Armour
 + Level 3.0 Dodging


You had 3 spell levels left.
You didn't know any spells.
Your spell library was empty.

Dungeon Overview and Level Annotations

Branches:
Dungeon (2/15)

Altars:


Innate Abilities, Weirdness & Mutations

You have a pair of small antennae on your head.
You have sharp fingernails.
You are immune to rotting.


Message History

Your Polearms skill increases to level 4!
You have reached level 4!
You feel agile.
Your demonic ancestry asserts itself...
You feel immune to rotting.
You feel sick.
No target in view!
You feel sick.
You feel sick.
You feel sick.
You feel sick.
You are no longer poisoned.
You are feeling hungry.
No target in view!
You butcher the adder corpse.
b - 2 chunks of flesh You see here an adder skeleton. x2
Eating one of 2 chunks of flesh.
You eat one of the 2 chunks of flesh.
This raw flesh tastes terrible.
You sense a monster nearby.
Are you sure you want to abandon this character and quit the game? (Confirm with "yes".)

#.#.## #.# #.#
#.#.# #[# #..
#.#.# #.# ###
#.#.# #.# #.#.#
#.# #.#.########
.# #...รท.......
######.########.
#.......@.......
..#####.########
#..{ ###


There were no monsters in sight!

Vanquished Creatures
  2 adders (D:2)
  2 oozes (D:1)
  A dart slug (D:1)
  An orc (D:2)
  A ball python (D:1)
  5 bats
  2 giant cockroaches (D:1)
  7 goblins
  3 hobgoblins
  4 jackals (D:2)
  A quokka (D:2)
  2 frilled lizards
  5 kobolds (D:1)
  4 rats (D:1)
40 creatures vanquished.

Notes
Turn   | Place    | Note
-------+----------+-------------------------------------------
     0 | D:1      | Exodus22XD the Demonspawn Gladiator began the quest for the
                  | Orb.
     0 | D:1      | Reached XP level 1. HP: 16/16 MP: 1/1
   101 | D:1      | Reached skill level 3 in Polearms
   101 | D:1      | Gained mutation: You have sharp fingernails. [demonic
                  | ancestry]
   101 | D:1      | Reached XP level 2. HP: 22/22 MP: 2/2
   621 | D:1      | Gained mutation: You have a pair of small antennae on your
                  | head. [demonic ancestry]
   621 | D:1      | Reached XP level 3. HP: 21/27 MP: 3/3
  1533 | D:2      | Reached skill level 4 in Polearms
  1533 | D:2      | Gained mutation: You are immune to rotting. [demonic
                  | ancestry]
  1533 | D:2      | Reached XP level 4. HP: 20/33 MP: 4/4
  1697 | D:2      | Quit the game

Illustrated notes

Levels and vault maps discovered:
D:1:      minmay_arrival_four_circles, layout_basic
D:2:      layout_loops_ring, minmay_liquid_box

Skill      XL: |  1  2  3 |
---------------+----------+-----
Polearms       | 3 4 |  4.0
Dodging        | 3 |  3.0
Fighting       | |  2.2
Throwing       | |  1.9
Armour         | |  0.5

Action                   |  1- 3 |  4- 6 || total
-------------------------+-------+-------++-------
Melee: Trident           |   129 |       ||   129
 Stab: Sleeping          |     3 |       ||     3
  Eat: Chunk             |     2 |     1 ||     3
Armor: Leather armour    |    12 |       ||    12
       Ring mail         |    21 |       ||    21
Dodge: Dodged            |    83 |       ||    83
